AoeStats
← Kelvin.Xu

Black Forest

509900001Analyzed
3v3 RM · 4d ago on Sep 28, 2026· 77m 55s· 6 players
Game mode
Random Map
Map size
Normal (6 player)
Population
200
Speed
Normal
Resources
Standard
Victory
Conquest
Starting age
Dark Age
Ending age
Imperial Age
RankedLock teamsTeams togetherTeam positionsShared explorationLock speedFull tech treeHidden civsTurbo modeCheats
Victory
Defeat
🇨🇳 Maya · China
837
+12
🇺🇸 Turks · United States
788
+14
🇺🇸 Byzantines · United States
747
+16
🇹🇷 Bulgarians · Türkiye
791
-15
🇫🇷 Huns · France
746
-14
🇫🇷 Bohemians · France
722
-13
RoadinHR2019
0:27 Loom
12:06 Feudal Age
12:49 Town Watch
13:36 Double-Bit Axe
14:01 Man-at-Arms
24:15 Castle Age
23:01 Fletching
23:24 Forging
23:01 Horse Collar
25:02 Town Patrol
25:00 Bodkin Arrow
29:50 Wheelbarrow
31:10 Murder Holes
32:17 Ballistics
32:11 Pikeman
44:01 Imperial Age
46:02 Chemistry
46:22 Bracer
Açi
1:41 Loom
13:29 Feudal Age
14:05 Double-Bit Axe
14:04 Horse Collar
14:16 Gold Mining
14:17 Stone Mining
15:06 Town Watch
16:26 Wheelbarrow
23:35 Castle Age
25:55 Bow Saw
26:55 Stone Shaft Mining
30:40 Heavy Plow
31:28 Gold Shaft Mining
33:57 Hand Cart
34:01 Caravan
33:36 Pikeman
34:30 Forging
35:27 Town Patrol
39:19 Imperial Age
38:21 Iron Casting
37:47 Scale Mail Armor
37:54 Scale Barding Armor
38:01 Masonry
38:12 Ballistics
38:10 Stirrups
39:32 Chain Mail Armor
39:40 Chain Barding Armor
39:10 Fletching
39:23 Padded Archer Armor
39:21 Elite Konnik
41:26 Blast Furnace
41:20 Plate Mail Armor
41:58 Conscription
42:43 Architecture
43:14 Chemistry
42:07 Heated Shot
43:01 Plate Barding Armor
42:48 Squires
42:35 Arson
42:38 Gambesons
44:04 Crop Rotation
43:42 Bodkin Arrow
43:47 Halberdier
44:36 Bracer
44:54 Leather Archer Armor
47:14 Bagains
47:43 Husbandry
47:55 Bloodlines
49:42 Cavalier
49:47 Light Cavalry
57:56 Siege Engineers
57:47 Murder Holes
59:12 Hussar
59:17 Onager
Sandroudrou
0:31 Loom
12:10 Feudal Age
13:27 Wheelbarrow
12:39 Town Watch
12:36 Horse Collar
12:52 Double-Bit Axe
13:04 Gold Mining
14:05 Stone Mining
22:19 Castle Age
20:49 Man-at-Arms
21:16 Arson
22:23 Bloodlines
23:46 Forging
23:36 Scale Mail Armor
23:42 Scale Barding Armor
23:38 Padded Archer Armor
24:36 Hand Cart
26:06 Town Patrol
26:10 Crossbowman
26:58 Long Swordsman
28:19 Heavy Plow
28:34 Fletching
30:01 Bow Saw
31:18 Thumb Ring
33:20 Gold Shaft Mining
38:31 Imperial Age
35:47 Elite Skirmisher
35:52 Light Cavalry
37:08 Pikeman
37:49 Squires
37:56 Husbandry
39:25 Leather Archer Armor
39:26 Chain Mail Armor
38:58 Two-Handed Swordsman
41:40 Two-Man Saw
41:05 Cavalier
43:19 Halberdier
44:26 Bodkin Arrow
45:35 Iron Casting
45:59 Elite Tarkan
47:26 Chain Barding Armor
47:46 Heavy Cavalry Archer
50:06 Parthian Tactics
50:40 Bracer
51:41 Blast Furnace
51:17 Plate Barding Armor
50:44 Caravan
51:23 Coinage
54:19 Banking
53:59 Guilds
55:31 Murder Holes
55:47 Masonry
55:58 Ballistics
56:39 Chemistry
58:18 Paladin
60:38 Careening
60:38 Clinker Construction
60:34 Marauders
60:55 Atheism
60:06 Sappers
62:13 Elite Tarkan
74:04 Conscription
Kelvin.Xu
10:49 Feudal Age
11:53 Horse Collar
11:59 Double-Bit Axe
19:28 Castle Age
22:56 Bow Saw
27:19 Heavy Plow
27:39 Husbandry
27:50 Bloodlines
35:01 Imperial Age
33:09 Wheelbarrow
33:17 Squires
35:57 Gold Mining
35:57 Stone Mining
36:29 Heavy Camel Rider
38:07 Hand Cart
39:08 Two-Man Saw
39:29 Ballistics
43:16 Forging
43:06 Scale Mail Armor
43:11 Scale Barding Armor
42:57 Fletching
43:07 Padded Archer Armor
42:51 Treadmill Crane
43:22 Masonry
44:27 Artillery
44:48 Sipahi
45:48 Gold Shaft Mining
45:03 Stone Mining
45:31 Caravan
46:01 Coinage
45:42 Guilds
49:50 Cavalier
53:57 Elite Janissary
55:30 Iron Casting
55:11 Chain Mail Armor
55:16 Chain Barding Armor
54:51 Bodkin Arrow
55:11 Leather Archer Armor
55:37 Banking
Bennnnn
8:22 Loom
11:34 Feudal Age
19:27 Castle Age
18:16 Double-Bit Axe
22:36 Bow Saw
27:13 Stone Mining
28:49 Gold Mining
33:16 Imperial Age
30:40 Fletching
30:50 Padded Archer Armor
31:55 Bodkin Arrow
32:18 Leather Archer Armor
35:09 Eagle Warrior
35:12 Pikeman
35:40 Arson
35:57 Squires
37:24 Holcans
36:29 Elite Eagle Warrior
38:02 Halberdier
40:40 Chemistry
39:55 Horse Collar
40:50 Elite Plumed Archer
42:04 Ring Archer Armor
41:35 Bracer
46:39 Two-Man Saw
45:41 Heavy Plow
45:55 Forging
45:45 Scale Mail Armor
47:25 Iron Casting
48:41 Crop Rotation
48:58 Ballistics
55:53 Blast Furnace
60:50 Chain Mail Armor
63:56 Plate Mail Armor
nicolasvillassanta15
0:50 Loom
16:20 Feudal Age
22:02 Horse Collar
25:40 Castle Age
29:32 Fletching
35:15 Murder Holes
41:17 Imperial Age
40:31 Fortified Wall
44:00 Double-Bit Axe
44:50 Conscription
45:06 Bow Saw
45:22 Logistica
45:36 Man-at-Arms
45:39 Pikeman
48:43 Gold Mining
49:43 Elite Skirmisher
50:35 Gambesons
50:50 Squires
50:44 Elite Varangian Guard
51:29 Fishing Lines
55:56 Forging
55:47 Scale Mail Armor
57:54 Iron Casting
57:34 Chain Mail Armor
76:27 Hoardings
77:50 Plate Mail Armor
Connection lost

Rejoining the realm…

Still unreachable

The connection could not be restored.

Session expired

The server has moved on; the page needs a fresh start.